 Dungeon Crawl Stone Soup version 0.23.1 (webtiles) character file.

Game seed: 582285248522257055

88 elfaar the Cudgeler (level 4, -5/61 HPs)
             Began as a Minotaur Berserker on Mar 8, 2019.
             Was a Believer of Trog.
             Slain by Sigmund
             ... wielding a +0 scythe
              (6 damage)
             ... on level 2 of the Dungeon.
             The game lasted 00:04:17 (665 turns).

elfaar the Cudgeler (Minotaur Berserker)             Turns: 665, Time: 00:04:17

Health: -5/61      AC:  2    Str: 28    XL:     4   Next: 30%
Magic:  3/3        EV: 12    Int:  4    God:    Trog [**....]
Gold:   93         SH:  0    Dex:  9    Spells: 3/3 levels left

rFire    x . .     SeeInvis .   a - +0 mace
rCold    + . .     Gourm    .   (no shield)
rNeg     . . .     Faith    .   b - +0 animal skin
rPois    .         Spirit   .   (helmet restricted)
rElec    .         Reflect  .   (no cloak)
rCorr    .         Harm     .   (no gloves)
MR       +....                  (no boots)
Stlth    ..........             (no amulet)
HPRegen  0.20/turn              h - ring of protection from magic
MPRegen  0.08/turn              i - ring of ice

@: berserking, very quick
A: retaliatory headbutt, horns 2
a: Berserk, Trog's Hand, Renounce Religion


You were on level 2 of the Dungeon.
You worshipped Trog.
Trog was pleased with you.
You were hungry.

You visited 1 branch of the dungeon, and saw 2 of its levels.

You collected 93 gold pieces.

Inventory:

Hand Weapons
 a - a +0 mace (weapon)
Missiles
 g - 41 stones (quivered)
Armour
 b - a +0 animal skin (worn)
Jewellery
 h - a ring of protection from magic (left hand)
 i - a ring of ice (right hand)
Scrolls
 e - 2 scrolls of identify {unknown}
 f - 2 scrolls of remove curse {unknown}
 j - a scroll of amnesia {unknown}
Comestibles
 c - 2 rations


   Skills:
 + Level 4.6 Fighting
 + Level 5.0 Maces & Flails
 + Level 2.7 Armour
 + Level 2.8 Dodging


You had 3 spell levels left.
You didn't know any spells.
Your spell library was empty.

Dungeon Overview and Level Annotations

Branches:
Dungeon (2/15)

Altars:

Annotations:
D:2 Sigmund


Innate Abilities, Weirdness & Mutations

You reflexively headbutt those who attack you in melee.
You have a pair of horns on your head.


Message History

Trog accepts your kill.
Your Maces & Flails skill increases to level 5!
You have reached level 4!
You feel stronger. The bat hits you but does no damage.
You hit the bat.
You kill the bat!
Trog accepts your kill. The goblin misses you.
Items here: ) [ †† a +0 mace; a +0 ring mail; a bat corpse; a leopard gecko corpse You closely miss the goblin.
Your headbutt misses the goblin. Something hits you.
* * * LOW HITPOINT WARNING * * *
The goblin hits you.
* * * LOW HITPOINT WARNING * * *
Unknown command.
You barely miss the goblin. Your headbutt misses the goblin.
The goblin barely misses you. Something hits you.
You die...

#....@......
#....#......
###...........
.............
##..)......g.
#............ ##
#.....g.....g ..##
#..#.g# ....####
#..##@# #......#
#..##.## .#.....#
##..##..#
.......####...###.#
##...........####.###
#.....#.#.....##...#
.#.....#.#.#.#......#
.........#..>.###...#
..............###...#


You could see 2 goblins.

Vanquished Creatures
  Terence (D:2)
  A gnoll (D:1)
  2 adders (D:2)
  A dart slug (D:2)
  3 leopard geckos
  3 bats
  4 hobgoblins (D:1)
  A jackal (D:1)
  10 kobolds
  2 frilled lizards
  3 goblins
  3 rats
34 creatures vanquished.

Notes
Turn   | Place    | Note
-------+----------+-------------------------------------------
     0 | D:1      | elfaar the Minotaur Berserker began the quest for the Orb.
     0 | D:1      | Reached XP level 1. HP: 19/19 MP: 0/0
    59 | D:1      | Reached skill level 4 in Maces & Flails
    59 | D:1      | Reached XP level 2. HP: 5/27 MP: 1/1
   311 | D:1      | Reached XP level 3. HP: 22/33 MP: 2/2
   603 | D:2      | Reached ** piety under Trog
   650 | D:2      | Noticed Terence
   651 | D:2      | Noticed Sigmund
   661 | D:2      | Killed Terence
   661 | D:2      | Reached skill level 5 in Maces & Flails
   661 | D:2      | Reached XP level 4. HP: 7/41 MP: 3/3
   664 | D:2      | HP: 3/61 [something (5)]
   664 | D:2      | HP: 1/61 [goblin (2)]
   665 | D:2      | Slain by Sigmund

Skill      XL: |  1  2  3 |
---------------+----------+-----
Fighting       | 4 |  4.6
Maces & Flails | 4 5 |  5.0
Armour         | |  2.7
Dodging        | |  2.8

Action                   |  1- 3 |  4- 6 || total
-------------------------+-------+-------++-------
Melee: Mace              |    67 |     3 ||    70
       Headbutt          |     5 |       ||     5
Invok: Berserk           |     3 |       ||     3
  Eat: Chunk             |     1 |       ||     1
Armor: Animal skin       |    14 |     1 ||    15
Dodge: Dodged            |    49 |     2 ||    51
